AoeStats
← AkHide1

Fortress

510214113Analyzed
4v4 RM · 1d ago on Sep 30, 2026· 12m 13s· 8 players
Game mode
Random Map
Map size
Huge
Population
200
Speed
Normal
Resources
Standard
Victory
Conquest
Starting age
Dark Age
Ending age
Imperial Age
RankedLock teamsTeams togetherTeam positionsShared explorationLock speedFull tech treeHidden civsTurbo modeCheats
Victory
Defeat
🇮🇩 Mongols · Indonesia
1082
+13
🇦🇺 Armenians · Australia
1040
+15
🇺🇸 Persians · United States
923
+19
🇺🇸 Mapuche · United States
917
+20
🇦🇷 Burgundians · Argentina
1068
-19
🇹🇷 Bengalis · Türkiye
1005
-17
🇦🇷 Teutons · Argentina
989
-16
🇨🇱 Gurjaras · Chile
953
-15
crepysa
6:32 Feudal Age
5:26 Loom
7:03 Double-Bit Axe
7:22 Horse Collar
12:01 Castle Age
10:39 Gold Mining
11:08 Fletching
cold1a
4:10 Loom
8:03 Feudal Age
12:57 Castle Age
pdepardo
8:00 Feudal Age
13:05 Castle Age
11:14 Double-Bit Axe
11:19 Horse Collar
AkHide1
8:10 Feudal Age
6:40 Double-Bit Axe
7:07 Double-Bit Axe
12:23 Castle Age
10:59 Bow Saw
Gbetosaurus
5:34 Feudal Age
7:33 Double-Bit Axe
7:44 Gold Mining
7:36 Champi Runner
8:53 Horse Collar
10:10 Arson
11:08 Scale Mail Armor
11:23 Forging
又菜又爱玩
7:47 Feudal Age
10:26 Double-Bit Axe
11:48 Horse Collar
14:39 Castle Age
Kaimera
2:33 Loom
7:11 Feudal Age
7:34 Horse Collar
11:58 Castle Age
10:10 Double-Bit Axe
10:01 Man-at-Arms
10:59 Arson
11:13 Gold Mining
Axie
5:32 Loom
7:17 Feudal Age
8:21 Horse Collar
12:34 Castle Age
10:48 Double-Bit Axe
Connection lost

Rejoining the realm…

Still unreachable

The connection could not be restored.

Session expired

The server has moved on; the page needs a fresh start.